 Dungeon Crawl Stone Soup version 0.20-a0-633-gff4aa5c (webtiles) character file.

136 TuxedoFelix the Chopper (level 4, -2/40 HPs)
             Began as a Minotaur Berserker on Feb 11, 2017.
             Was a Believer of Trog.
             Slain by a centaur (7 damage)
             ... on level 3 of the Dungeon.
             The game lasted 00:15:00 (2772 turns).

TuxedoFelix the Chopper (Minotaur Berserker)        Turns: 2772, Time: 00:15:01

Health: -2/40      AC:  6    Str: 22    XL:     4   Next: 98%
Magic:  3/3        EV: 11    Int:  4    God:    Trog [**....]
Gold:   105        SH:  3    Dex: 10    Spells: 3/3 levels left

rFire    . . .     SeeInvis .   a - +0 hand axe
rCold    . . .     Gourm    .   n - +0 ring mail
rNeg     . . .     Faith    .   g - +0 buckler
rPois    .         Spirit   .   (helmet restricted)
rElec    .         Reflect  .   (no cloak)
rCorr    .         Harm     .   (no gloves)
MR       .....                  q - +0 pair of boots
Stlth    ..........             (no amulet)
Regen    0.2/turn               (no ring)
                                (no ring)

@: drained
A: retaliatory headbutt, horns 2
a: Berserk, Trog's Hand, Burn Spellbooks, Renounce Religion


You were on level 3 of the Dungeon.
You worshipped Trog.
Trog was pleased with you.
You were not hungry.

You visited 1 branch of the dungeon, and saw 3 of its levels.

You collected 105 gold pieces.

Inventory:

Hand Weapons
 a - a +0 hand axe (weapon)
 b - a +2 mace of crushing
 u - a +1 flail of draining
Armour
 g - a +0 buckler (worn)
 n - a +0 ring mail (worn)
 q - a +0 pair of boots (worn)
Jewellery
 h - a +5 ring of dexterity {unknown}
 r - an uncursed ring of ice {unknown}
Scrolls
 i - a scroll of teleportation
 j - 2 scrolls of noise
 k - 2 scrolls of recharging
 m - 4 scrolls of enchant weapon {unknown}
 s - a scroll of remove curse {unknown}
 w - a scroll of random uselessness {unknown}
Potions
 e - a potion of lignification {unknown}
 l - a potion of curing {unknown}
 p - a potion of brilliance {unknown}
 t - 2 potions of haste {unknown}
 v - a potion of berserk rage {unknown}
Comestibles
 c - 2 bread rations
 d - 4 meat rations
 f - a royal jelly
 o - 8 chunks of flesh


   Skills:
 + Level 4.3(3.9) Fighting
 * Level 5.0(4.6) Axes
 + Level 3.9(3.5) Armour
 - Level 2.1(1.8) Dodging
 + Level 2.1(1.7) Shields


You had 3 spell levels left.
You didn't know any spells.

Dungeon Overview and Level Annotations

Branches:
Dungeon (3/15)

Altars:


Innate Abilities, Weirdness & Mutations

You reflexively headbutt those who attack you in melee.
You have a pair of horns on your head.


Message History

The centaur shouts!
The centaur wields a shortbow.
The centaur shoots an arrow.
The arrow misses you.
The centaur shoots an arrow.
The arrow hits you.
You see here an arrow.
The centaur shoots an arrow.
The arrow hits you!
You see here an arrow.
The centaur shoots an arrow.
The arrow hits you!
* * * LOW HITPOINT WARNING * * *
You see here an arrow.
The centaur shoots an arrow.
The arrow hits you.
* * * LOW HITPOINT WARNING * * *
You see here an arrow.
The centaur shoots an arrow.
The arrow barely misses you.
The centaur unwields an uncursed shortbow.
The centaur hits you.
* * * LOW HITPOINT WARNING * * *
You hit the centaur.
The centaur is lightly wounded.
The centaur hits you!
You die...

#..............#.###
#........(.....#.#
#...)..........# .
#...........#### #
#...[.......#
.........####
########.#
#.###########.#
#..(((((.@c...#
###############


You could see a centaur.

Vanquished Creatures
  6 adders (D:2)
  4 worms (D:2)
  2 dart slugs
  4 leopard geckos
  2 orcs (D:3)
  A bat (D:1)
  5 giant cockroaches
  6 goblins
  7 hobgoblins
  7 jackals
  5 kobolds
  A ball python (D:2)
  6 frilled lizards
  5 rats (D:1)
61 creatures vanquished.

Notes
Turn   | Place    | Note
-------+----------+-------------------------------------------
     0 | D:1      | TuxedoFelix the Minotaur Berserker began the quest for the Orb.
     0 | D:1      | Reached XP level 1. HP: 19/19 MP: 0/0
   508 | D:1      | Reached XP level 2. HP: 26/27 MP: 1/1
   526 | D:1      | Reached skill level 4 in Axes
  1284 | D:2      | Reached XP level 3. HP: 24/33 MP: 2/2
  1460 | D:2      | Reached skill level 1 in Shields
  1483 | D:2      | Reached ** piety under Trog
  1823 | D:2      | Reached XP level 4. HP: 40/40 MP: 3/3
  2288 | D:2      | Found a faded altar of an unknown god.
  2468 | D:2      | Reached skill level 5 in Axes
  2766 | D:3      | Noticed a centaur
  2772 | D:3      | Slain by a centaur

Vault maps used:
D:1:      kennysheep_arrival_forest, minmay_tetromino_t4
D:2:      chequers_ecumenical_altar_island, minmay_split_cup_small
D:3:      lemuel_coloured_pillars_altar

Skill      XL: |  1  2  3  4 |
---------------+-------------+-----
Axes           | 4 5 |  5.0
Armour         | 3 |  3.9
Fighting       | 4 |  4.3
Shields        | 1 2 |  2.1
Dodging        | |  2.1

Action                   |  1- 3 |  4- 6 || total
-------------------------+-------+-------++-------
Melee: Hand axe          |   101 |    73 ||   174
       Headbutt          |     9 |    13 ||    22
  Use: Scroll            |       |     4 ||     4
  Eat: Chunk             |     3 |     3 ||     6
Armor: Animal skin       |    14 |       ||    14
       Ring mail         |    12 |    22 ||    34
Dodge: Dodged            |    54 |    36 ||    90
Block: Buckler           |    14 |     8 ||    22
